 Dungeon Crawl Stone Soup version 0.28.0-53-g5a82cb258f (console) character file.

Game seed: 823339504432586065

207 erker the Sneak (level 5, 0/31 HPs)
             Began as an Octopode Earth Elementalist on July 5, 2022.
             Slain by an adder (4 damage)
             ... on level 3 of the Dungeon.
             The game lasted 00:08:14 (3486 turns).

erker the Sneak (Octopode Earth Elementalist)       Turns: 3486, Time: 00:08:14

Health: 0/31       AC:  1    Str:  7    XL:     5   Next: 85%
Magic:  2/8        EV: 13    Int: 20    God:
Gold:   41         SH:  0    Dex: 12    Spells: 5/8 levels left

rFire   . . .      SeeInvis +   a - +6 short sword "Vyipi" {pain, rPois}
rCold   . . .      Faith    .   (no shield)
rNeg    . . .      Spirit   .   (helmet restricted)
rPois   +          Reflect  .   (no amulet)
rElec   .          Harm     .   k - ring of see invisible
rCorr   .          Rampage  .   (no ring)
Will    .....                   (no ring)
Stlth   +++.......              (no ring)
HPRegen 0.10/turn               (no ring)
MPRegen 0.11/turn               (no ring)
                                (no ring)
                                (no ring)

@: no status effects
A: almost no armour, amphibious, 8 rings, camouflage 1, gelatinous body 1,
(nimble swimmer 1), tentacles
a: no special abilities


You were on level 3 of the Dungeon.
You visited 1 branch of the dungeon, and saw 3 of its levels.

You collected 67 gold pieces.
You spent 26 gold pieces at shops.

Inventory:

Hand Weapons
 a - the +6 short sword "Vyipi" (weapon) {pain, rPois}
   (You found it on level 2 of the Dungeon)

   In the hands of one skilled in necromantic magic, it inflicts extra damage on
   living creatures.
   rPois:     It protects you from poison.
Missiles
 b - 139 stones
 i - 13 sling bullets
Jewellery
 f - a ring of fire
 k - a ring of see invisible (left tentacle)
Scrolls
 c - 2 scrolls of amnesia
 d - a scroll of noise {unknown}
 e - 4 scrolls of identify
 g - a scroll of blinking {unknown}
 h - 2 scrolls of teleportation {unknown}
 j - a scroll of enchant weapon {unknown}


   Skills:
 + Level 3.5 Short Blades
 - Level 2.0 Dodging
 - Level 4.0 Stealth
 - Level 2.0 Spellcasting
 - Level 2.0 Necromancy
 - Level 1.0 Transmutations
 - Level 4.0 Earth Magic


You had 5 spell levels left.
You knew the following spells:

 Your Spells              Type           Power      Damage    Failure   Level
a - Sandblast             Erth           36%        2d10      3%          1
w - Passwall              Tmut/Erth      10%        N/A       9%          2

Your spell library contained the following spells:

 Spells                   Type           Power      Damage    Failure   Level
 Sublimation of Blood     Necr           10%        N/A       11%         2
 Wereblood                Tmut           6%         N/A       16%         2
 Stone Arrow              Conj/Erth      20%        3d8       21%         3
 Portal Projectile        Hex/Tloc       4%         N/A       43%         3
 Petrify                  Tmut/Erth      12%        N/A       50%         4
 Excruciating Wounds      Necr           5%         N/A       88%         5
 Blade Hands              Tmut           3%         N/A       96%         5
 Summon Hydra             Summ           1%         N/A       100%        7


Dungeon Overview and Level Annotations

Branches:
Dungeon (3/15)

Altars:
Ashenzari

Shops:
D:3 ?


Innate Abilities, Weirdness & Mutations

You cannot wear most types of armour.
You are amphibious.
You can wear up to eight rings at the same time.
Your skin changes colour to match your surroundings (Stealth+).
Your rubbery body absorbs attacks. (AC +1, EV +1)
((You are camouflaged when in or above water. (Stealth+)))
You have tentacles for arms and can constrict up to eight enemies at once.


Message History

Aiming: Passwall (safe; 9% risk of failure)
Press: ? - help, Dir - move target A rock wall.
Really passwall into a travel-excluded area?
Okay, then.
Casting: Passwall (safe; 9% risk of failure)
Confirm with . or Enter, or press ? or * to list all spells.
Aiming: Passwall (safe; 9% risk of failure)
Press: ? - help, Dir - move target A rock wall.
Really passwall into a travel-excluded area?
You begin to meditate on the wall.
You continue meditating on the rock. x2
You finish merging with the rock.
The helpless Ijyb fails to defend herself.
You puncture Ijyb! Your grab misses Ijyb. Your squeeze misses Ijyb.
Ijyb is heavily wounded.
Ijyb hits you with a +0 club!
You hit Ijyb. You grab Ijyb.
Ijyb is severely wounded.
You constrict Ijyb, but do no damage. Ijyb hits you with a +0 club.
You barely miss Ijyb.
Ijyb is severely wounded.
You constrict Ijyb.
Ijyb zaps a wand.
Your mind is blasted!
Ouch! That really hurt!
* * * LOW HITPOINT WARNING * * *
You barely miss Ijyb. Your squeeze misses Ijyb.
Ijyb is severely wounded.
You constrict Ijyb, but do no damage. Ijyb barely misses you.
You puncture Ijyb!
You kill Ijyb!
The adder hisses angrily.
Casting: Passwall (safe; 9% risk of failure)
Confirm with . or Enter, or press ? or * to list all spells.
Aiming: Sandblast (safe; 3% risk of failure)
Press: ? - help, Shift-Dir - straight line, f - adder
Aim: an adder (66% to hit)
The blast of sand hits the adder.
The adder is moderately wounded.
The adder bites you.
You die...

##.......'......................
#....####.........###.....#####
#.#.## ##........##..#.#.# #.###
##.....#.#.#.###.# #.#
#..........## #.# #.#
#.#+###.#..####.# #.# #.#.
#.........# #.#
#####.#.#####..###### #.#
#.......@.# #..# #.#
#.###..)S......# #.# #.#
#[....##...# #.# #.#
#.....##...#
#.#####.###..........#
#........##.#.#......#
#######.###.#.####.### ### #.#.#
#.# #.#.####.#


You could see an adder.

Vanquished Creatures
  A scorpion (D:2)
  Jessica (D:3)
  Ijyb (D:3)
  5 adders
  An orc (D:3)
  4 ball pythons
  12 bats
  6 endoplasms
  2 giant cockroaches
  5 goblins (D:2)
  4 hobgoblins
  2 quokkas
  6 frilled lizards
  4 kobolds
  4 rats
58 creatures vanquished.

Notes
Turn   | Place    | Note
-------+----------+-------------------------------------------
     0 | D:1      | erker the Octopode Earth Elementalist began the quest for
                  | the Orb.
     0 | D:1      | Reached XP level 1. HP: 11/11 MP: 3/3
   319 | D:1      | Reached XP level 2. HP: 17/17 MP: 1/5
   322 | D:1      | Learned a level 2 spell: Passwall
   661 | D:1      | Found a faded altar of an unknown god.
  1051 | D:2      | Identified the +6 short sword "Vyipi" {pain, rPois}
  1056 | D:2      | Found a broken altar of Ashenzari.
  1112 | D:2      | Reached XP level 3. HP: 21/21 MP: 6/6
  1606 | D:2      | Reached skill level 1 in Short Blades
  1749 | D:2      | Reached XP level 4. HP: 27/27 MP: 7/7
  1972 | D:2      | Noticed a scorpion
  1977 | D:2      | Killed a scorpion
  1978 | D:2      | Reached skill level 1 in Necromancy
  1978 | D:2      | Reached XP level 5. HP: 31/31 MP: 5/8
  2117 | D:3      | Noticed Jessica
  2244 | D:3      | Killed Jessica
  2445 | D:3      | Noticed Ijyb
  2781 | D:3      | Found Xial's Magic Scroll Shop.
  2789 | D:3      | Bought a scroll of identify for 26 gold pieces
  3485 | D:3      | Killed Ijyb
  3486 | D:3      | Slain by an adder

Illustrated notes

Levels and vault maps discovered:
D:1:      zaba_arrival_water, layout_basic, hellmonk_ecumenical_altar_zigzags
D:2:      wander_river, layout_loops_corners, basic_altar, minmay_cupped
D:3:      layout_loops_corners, serial_shops, nicolae_shop_hallway_stairs,
          uniq_jessica, uniq_ijyb

Skill      XL: |  1  2  3  4  5 |
---------------+----------------+-----
Stealth        | 3 4 |  4.0
Short Blades   | 1 2 3 |  3.5
Earth Magic    | 4 |  4.0
Necromancy     | 1 2 |  2.0
Dodging        | |  2.0
Spellcasting   | |  2.0
Transmutations | |  1.0

Action                   |  1- 3 |  4- 6 || total
-------------------------+-------+-------++-------
Melee: Unarmed           |    28 |       ||    28
       Constrict         |    15 |     5 ||    20
       Tentacles         |    10 |     1 ||    11
       Short sword       |    32 |    29 ||    61
       Punch             |     1 |       ||     1
 Cast: Sandblast         |     9 |     4 ||    13
       Passwall          |       |    10 ||    10
  Use: Scroll            |       |     1 ||     1
 Stab: Sleeping          |    16 |    12 ||    28
Armor: Skin              |     9 |     2 ||    11
Dodge: Dodged            |    41 |     9 ||    50
